Cogmind - Beta 11.1 @@@ ROGUE MODE // 2022.06.03 @ 17:57:12 Player: CrossedViper Result: Heading to fleet! Performance ------------- Evolutions (9) 4500 Regions Visited (25) 5000 Robots Destroyed (368) 1840 Value Destroyed (15902) 15902 Prototype IDs (66) 1320 Alien Tech Used (9) 1800 Bonus (11793) 11793 TOTAL SCORE: 42155 Bonus ------- High Alert Combat Kills 3642 Follower Combat Kills 733 Aligned with FarCom 300 Destroyed Z-Imprinter 1000 Triggered Deep Caves Wall 500 Exposed GOLEM Chamber 500 Used Core Reset Matrix 3000 Win 3000 Friendly Fire -882 Cogmind --------- Core Integrity 608/1600 Matter 277/300 Energy 18/100 System Corruption 0% Temperature Cool (0) Movement Core (50) Location To Fleet Rendezvous Parts ------- > --- POWER (3) -------- (None) > --- PROPULSION (12) -- Cooled Field Propulsion Drive Cooled Field Propulsion Drive > --- UTILITY (4) ------ Spacefold Activator > --- WEAPON (6) ------- (None) > --- INVENTORY (5) ---- (None) Peak State ------------ > --- POWER ------------ Light Particle Reactor Improved Quantum Reactor > --- PROPULSION ------- Advanced Medium Treads Armored Heavy Treads Armored Heavy Treads Experimental Flexi-carbon Leg Experimental Flexi-carbon Leg Enhanced Biometal Leg High-density Centrium Leg > --- UTILITY ---------- Experimental Heat Sink Huge Storage Unit Experimental Core Analyzer Advanced Kinecellerator > --- WEAPON ----------- Force Rifle Helical Railgun Helical Railgun Helical Railgun Helical Railgun Multirail > --- INVENTORY -------- Cooled Field Propulsion Drive Cooled Field Propulsion Drive Cooled Field Propulsion Drive Cooled Field Propulsion Drive Cooled Field Propulsion Drive Advanced Matter Compressor Experimental Core Analyzer Advanced Transmission Jammer Zionite Weapon Casing Antimissile System GOLEM Unit Transdimensional Reconstructor Transdimensional Reconstructor High-powered Transdimensional Reconstructor High-powered Transdimensional Reconstructor Integrity Redistributor Subatomic Replicator Spacefold Activator Proton Missile Launcher Heavy Rocket Launcher Sigix Terminator RU-N14's Throwing Claymores Gravity Flail [Rating: 198] Favorites ----------- Power F-cell Engine Engine F-cell Engine Power Core Enhanced Nuclear Core Reactor Cooled Antimatter Reactor Propulsion Heavy Treads Treads Heavy Treads Leg Potential Leg Wheel Armored Huge Wheel Flight Unit Cooled Field Propulsion Drive Utility Huge Storage Unit Device Transmission Jammer Storage Huge Storage Unit Processor Core Analyzer Hackware Hacking Suite Protection Medium Armor Plating Artifact Spacefold Activator Weapon XL Autogun Subcomponent Energy Gun Improved Heavy Laser Energy Cannon YOLO Cannon Ballistic Gun XL Autogun Subcomponent Launcher Proton Missile Launcher Special Weapon RU-N14's Throwing Claymores Impact Weapon Gravity Flail Build | -11 -10 -10 -10 -9 -8 -7 -7 -7 -7 -7 -6 -6 -6 -6 -6 -6 -6 -5 -5 -4 -3 -3 -3 -2 -1 ------- Run | Scr Mat Min Exi Min Mat Fac Was Fac Low Low Fac Was Fac Low Low Zio Dee Pro Fac Fac Res Qua Sec Res Acc Slots Evolved 18 | . . . . . 4 2 . . . . 2 . . . . . . . 2 2 2 . . 2 2 Power 2 | . . . . . . . . . . . . . . . . . . . 1 . . . . 1 . Propulsion 10 | . . . . . 1 1 . . . . 2 . . . . . . . . 1 2 . . 1 2 Utility 2 | . . . . . 2 . . . . . . . . . . . . . . . . . . . . Weapon 4 | . . . . . 1 1 . . . . . . . . . . . . 1 1 . . . . . Parts Attached 250 | 6 8 5 2 2 9 35 1 14 1 . 3 . 7 2 4 6 11 . 16 5 11 41 34 21 6 Power 25 | 1 2 . . . 1 5 . 3 . . . . . . . . 1 . 1 . 2 4 4 1 . Engine 10 | 1 2 . . . 1 3 . 1 . . . . . . . . 1 . 1 . . . . . . Core 6 | . . . . . . 2 . 2 . . . . . . . . . . . . . 2 . . . Reactor 9 | . . . . . . . . . . . . . . . . . . . . . 2 2 4 1 . Propulsion 63 | 2 . 1 2 . 1 6 . 4 . . 3 . 1 . . 1 3 . 4 . 4 9 7 14 1 Treads 30 | 2 . 1 . . . 5 . 1 . . 2 . 1 . . 1 3 . 1 . 3 1 5 4 . Leg 13 | . . . 2 . 1 . . 1 . . . . . . . . . . . . 1 8 . . . Wheel 6 | . . . . . . 1 . 1 . . 1 . . . . . . . 3 . . . . . . Hover . | . . . . . . . . . . . . . . . . . . . . . . . . . . Flight 14 | . . . . . . . . 1 . . . . . . . . . . . . . . 2 10 1 Utility 79 | 1 3 1 . . 4 9 . 6 1 . . . 2 2 . 3 2 . 5 4 1 17 10 4 4 Device 41 | . . . . . 2 1 . 2 1 . . . 1 1 . 2 2 . 3 2 . 11 7 4 2 Storage 7 | 1 1 . . . 1 . . 1 . . . . . 1 . . . . . . 1 1 . . . Processor 8 | . . . . . . 1 . 2 . . . . . . . . . . . . . 3 2 . . Hackware 9 | . . . . . . 2 . . . . . . 1 . . 1 . . 2 2 . . 1 . . Protection 12 | . 2 1 . . 1 5 . 1 . . . . . . . . . . . . . 2 . . . Artifact 2 | . . . . . . . . . . . . . . . . . . . . . . . . . 2 Weapon 83 | 2 3 3 . 2 3 15 1 1 . . . . 4 . 4 2 5 . 6 1 4 11 13 2 1 Energy Gun 24 | 1 . . . . 2 4 . . . . . . 1 . 2 1 3 . 5 1 . 2 1 1 . Energy Cannon 2 | . . . . . . . 1 . . . . . 1 . . . . . . . . . . . . Ballistic Gun 39 | 1 3 2 . 1 1 10 . 1 . . . . 2 . 2 . . . 1 . 3 5 7 . . Ballistic Cannon . | . . . . . . . . . . . . . . . . . . . . . . . . . . Launcher 6 | . . 1 . 1 . 1 . . . . . . . . . . . . . . . . 1 1 1 Special Weapon 4 | . . . . . . . . . . . . . . . . . 2 . . . . . 2 . . Impact Weapon 8 | . . . . . . . . . . . . . . . . 1 . . . . 1 4 2 . . Slashing Weapon . | . . . . . . . . . . . . . . . . . . . . . . . . . . Piercing Weapon . | . . . . . . . . . . . . . . . . . . . . . . . . . . Special Melee Weapon . | . . . . . . . . . . . . . . . . . . . . . . . . . . Unidentified Prototypes 42 | . . . . . . 2 . 4 . . . . 3 . 1 . 3 . 2 . 5 11 10 1 . Parts Lost 46 | . 4 2 . . . 1 2 . 1 . . . . . . . . . 3 1 1 6 6 6 13 Power 7 | . 1 . . . . . . . . . . . . . . . . . . . . 2 1 1 2 Propulsion 15 | . . 1 . . . 1 . . . . . . . . . . . . 2 . 1 1 . 1 8 Utility 9 | . 1 . . . . . 2 . 1 . . . . . . . . . . 1 . 1 1 . 2 Weapon 15 | . 2 1 . . . . . . . . . . . . . . . . 1 . . 2 4 4 1 Highest Loss Streak 13 | . 3 2 . . . 1 2 . 1 . . . . . . . . . 2 1 1 3 2 3 13 To Critical Strikes 2 | . . . . . . . . . . . . . . . . . . . . . . . 1 . 1 Average Slot Usage (%) 83 | . 94 99 100 100 98 98 82 66 60 61 61 66 60 60 75 80 84 86 85 86 87 90 82 69 53 Engine 5 | . 14 14 14 14 9 3 . . 7 7 6 6 6 6 6 6 6 6 10 10 6 . . . . Core 1 | . . . . . . 3 7 6 . . . . . . . . . . . . . 2 1 . . Reactor 1 | . . . . . . . . . . . . . . . . . . . . . 2 5 6 9 6 Treads 14 | . 28 27 22 . . 9 . 1 7 7 17 20 13 13 13 13 22 26 21 10 18 10 15 19 . Leg 7 | . . . 5 28 26 18 15 12 . . . . . . . . . . . . . 23 13 . . Wheel 2 | . . . . . . . 7 7 7 7 4 6 6 6 6 6 1 . . 15 11 . . . . Device 8 | . . . . . 16 8 7 7 9 15 13 13 12 13 13 13 12 13 9 4 8 5 8 7 6 Storage 6 | . 14 14 14 14 9 7 5 1 7 7 6 6 6 6 6 6 6 6 5 5 4 4 4 3 . Processor 4 | . . . . . . 3 7 18 12 7 6 6 6 6 6 6 6 6 5 5 4 4 4 3 . Protection 3 | . 9 14 14 14 10 6 5 2 . . . . . . . . . . . . . 2 . . . Energy Gun 6 | . 4 . . . 10 10 . . . . . . . . 9 12 12 13 16 18 17 1 3 1 . Ballistic Gun 15 | . 23 27 28 28 15 19 23 4 7 7 6 6 6 6 11 13 13 13 11 10 10 22 19 13 3 Naked Turns . | . . . . . . . . . . . . . . . . . . . . . . . . . . Heaviest Build 158 | 12 40 40 34 35 105 115 114 69 70 70 70 70 70 110 111 111 116 110 126 132 148 154 155 158 46 Greatest Support 340 | 40 40 40 60 60 73 73 60 75 28 28 28 28 28 28 28 70 190 190 190 30 30 156 300 340 63 Greatest Overweight (x) 12 | . . . . . 1 1 1 2 2 2 2 2 2 3 3 3 3 . 12 4 7 7 1 1 2 Average Overweight (x) . | . . . . . . 1 . . 2 2 2 2 2 2 3 1 . . . 4 4 . . . . Largest Inventory Capacity 25 | 8 15 15 15 15 25 25 25 20 20 20 20 20 20 25 25 25 25 25 25 25 25 25 25 25 5 Average Capacity 21 | 7 12 15 15 15 20 25 21 7 20 20 20 20 20 21 25 25 25 25 25 25 25 25 25 24 5 Most Carried 25 | 5 13 15 15 15 25 25 25 19 20 19 19 20 20 23 22 25 25 24 25 25 25 25 25 25 5 Average Carried 19 | 2 7 13 14 15 18 24 21 6 19 19 17 18 19 20 21 24 24 24 24 23 23 24 23 21 4 Final Capacity 25 | 8 15 15 15 15 25 25 5 20 20 20 20 20 20 25 25 25 25 25 25 25 25 25 25 25 5 Final Carried 25 | 3 13 14 15 15 25 25 5 19 19 19 18 20 20 22 22 25 24 24 25 22 24 25 22 22 . Class Distribution -------------------- 33% | Gunner 18% | Mutant 10% | Scavenger-Tank 10% | Scavenger-Executioner 9% | Scavenger-Gunner 7% | Scavenger-Mutant 3% | Skirmisher Dominant Class ---------------- Mutant | -10/Materials Mutant | -10/Mines Mutant | -10/Exiles Mutant | -9/Mines Skirmisher | -8/Materials Scavenger-Tank | -7/Factory Tank | -7/Waste Gunner | -7/Factory Gunner | -7/Lower Caves Gunner | -7/Lower Caves Gunner | -6/Factory Gunner | -6/Waste Gunner | -6/Factory Gunner | -6/Lower Caves Gunner | -6/Lower Caves Gunner | -6/Zion Scavenger-Gunner | -6/Deep Caves Gunner | -5/Proximity Caves Scavenger-Gunner | -5/Factory Executioner | -4/Factory Scavenger-Executioner | -3/Research Scavenger-Mutant | -3/Quarantine Scavenger-Executioner | -3/Section 7 Scavenger-Gunner | -2/Research Scavenger-Scout | -1/Access Resources | -11 -10 -10 -10 -9 -8 -7 -7 -7 -7 -7 -6 -6 -6 -6 -6 -6 -6 -5 -5 -4 -3 -3 -3 -2 -1 ----------- Run | Scr Mat Min Exi Min Mat Fac Was Fac Low Low Fac Was Fac Low Low Zio Dee Pro Fac Fac Res Qua Sec Res Acc Matter Collected 10781 | 242 429 167 39 127 335 1489 . 1134 193 . . 230 730 130 98 20 202 206 362 63 382 1339 1923 927 14 Remotely . | . . . . . . . . . . . . . . . . . . . . . . . . . . Salvage Created 18836 | . 758 280 . 177 686 2368 . 2102 173 . . 534 1331 254 257 . 477 481 1040 141 1157 1201 3376 1759 284 Parts 941 | . 52 18 . 17 39 110 . 115 11 . . 13 71 17 8 . 22 17 55 2 39 55 168 103 9 Haulers Intercepted 19 | . 2 . . . 1 4 . 5 . . . . 2 . . . . . . . 3 . 1 . 1 Recyclers Shooed 15 | . 5 . . . . 2 . 1 . . . . 1 . . . . . . . 1 . 1 4 . Parts Field Recycled . | . . . . . . . . . . . . . . . . . . . . . . . . . . Retrieved Matter . | . . . . . . . . . . . . . . . . . . . . . . . . . . Parts Self-Destructed 54 | . . . . . . . . . 11 . . . . 17 9 . . 17 . . . . . . . Prevented . | . . . . . . . . . . . . . . . . . . . . . . . . . . Kills | -11 -10 -10 -10 -9 -8 -7 -7 -7 -7 -7 -6 -6 -6 -6 -6 -6 -6 -5 -5 -4 -3 -3 -3 -2 -1 ------- Run | Scr Mat Min Exi Min Mat Fac Was Fac Low Low Fac Was Fac Low Low Zio Dee Pro Fac Fac Res Qua Sec Res Acc Combat Hostiles Destroyed 293 | . 13 6 . 8 8 36 . 33 4 . . . 13 6 6 . 40 7 15 2 5 15 45 18 13 Melee 2 | . . . . . . . . . . . . . . . . . . . . . . . . . 2 Guns 217 | . 13 5 . 4 8 31 . 28 4 . . . 13 6 6 . 3 7 15 2 5 15 38 14 . Cannons 5 | . . . . . . . . 1 . . . . . . . . 2 . . . . . 2 . . AOE 67 | . . 1 . 4 . 5 . 2 . . . . . . . . 35 . . . . . 5 4 11 Classes Destroyed 29 | . 8 . . . 2 3 . 3 . . . 1 1 . . . 4 1 . . . 1 3 2 . Worker 18 | . 1 1 . . 2 5 . 1 . . . . 2 . . . . . . . 1 . 1 3 1 Builder 23 | . 1 . . . 1 2 . 1 . . . . 4 . . . . . 2 . 1 . 8 3 . Tunneler 5 | . . . . . . . . 3 . . . . . . . . . . 1 . . . . . 1 Hauler 19 | . 2 . . . 1 4 . 5 . . . . 2 . . . . . . . 3 . 1 . 1 Recycler 22 | . 1 . . 1 2 7 . 1 . . . . 1 . . . . . 1 . 3 . 1 4 . Minesweeper 1 | . . . . . . . . . . . . . . . . . . 1 . . . . . . . Mechanic 1 | . . . . . . . . 1 . . . . . . . . . . . . . . . . . Operator 8 | . 1 . . . . 1 . 2 . . . . 2 . . . . . 1 . . . 1 . . Watcher 7 | . 2 . . . . . . . . . . . . . . . . . 1 . . 2 1 1 . Swarmer 49 | . 3 . . 8 . 1 . 6 2 . . . . 3 3 . . . 4 . . . 10 4 5 Cutter 2 | . . . . . . . . . . . . . . . . . . . . . . . . 2 . Grunt 107 | . 10 6 . . 6 19 . 11 . . . . 10 3 2 . . 5 5 2 2 7 16 1 2 Brawler 5 | . . . . . . 1 . . . . . . 1 . . . . . 1 . . 1 1 . . Duelist 4 | . . . . . . . . 1 . . . . 1 . . . . . . . . 1 . 1 . Protector 1 | . . . . . . . . . . . . . 1 . . . . . . . . . . . . Researcher 1 | . . . . . . . . . . . . . . . . . . . . . . . 1 . . Sentry 17 | . . . . . 2 3 . 4 1 . . . . . 1 . . 1 . . 1 . 3 1 . Specialist 5 | . . . . . . 2 . 3 . . . . . . . . . . . . . . . . . Hunter 22 | . . . . . 1 6 . 3 . . . . . . . . . 1 2 . . . 6 . 3 Programmer 36 | . . . . . . 4 . 5 1 . . . . . . . . . 3 . 2 5 6 8 2 Heavy 1 | . . . . . . . . . . . . . . . . . . . . . . . . 1 . Behemoth 2 | . . . . . . . . . . . . . . . . . . . . . . . 1 . 1 Executioner 2 | . . . . . . . . . . . . . . . . . . . . . . . 2 . . Alpha 7 1 | . . . . . . . . . . . . . . . . . . . . . . 1 . . . Z-Technician 2 | . . . . . . . . . . . . . . . . . 2 . . . . . . . . Z-Light 2 | . . . . . . . . . . . . . . . . . 2 . . . . . . . . Assembler 2 | . . . . . . . . . . . . . . . . . 2 . . . . . . . . Assembled 36 | . . . . . . . . . . . . . . . . . 36 . . . . . . . . Golem 1 | . . . . . . . . . . . . . . . . . 1 . . . . . . . . Surgeon 1 | . . . . . . . . . . . . . . . . . 1 . . . . . . . . Butcher 1 | . . . . . . . . . . . . . 1 . . . . . . . . . . . . Martyr 1 | . . . . . . . . . . . . 1 . . . . . . . . . . . . . Best Kill Streak 38 | . 7 2 . 5 3 8 . 9 3 . . . 6 3 3 . 38 3 10 2 5 4 13 6 12 Combat Bots Only 36 | . 5 2 . 4 2 6 . 8 3 . . . 5 3 3 . 36 3 7 2 2 4 9 4 11 Max Kills in Single Turn 29 | . 1 1 . 5 1 3 . 2 1 . . 1 2 1 2 . 29 1 2 1 2 2 6 4 12 Gunslinging 2 | . . . . . . 1 . . . . . . . . 1 . . . 1 . . . 2 . . Exploded 27 | . . 1 . 4 . 2 . 1 . . . . . . . . 27 . . . . . 2 4 11 Melee 1 | . . . . . . . . . . . . . . . . . . . . . . . . . 1 Uniques/NPCs Destroyed 1 | . . . . . . . . . . . . . . . . . 1 . . . . . . . . Z-Imprinter (-6/Deep Caves) Combat | -11 -10 -10 -10 -9 -8 -7 -7 -7 -7 -7 -6 -6 -6 -6 -6 -6 -6 -5 -5 -4 -3 -3 -3 -2 -1 -------- Run | Scr Mat Min Exi Min Mat Fac Was Fac Low Low Fac Was Fac Low Low Zio Dee Pro Fac Fac Res Qua Sec Res Acc Damage Taken 20680 | . 904 287 . 140 219 2232 106 825 135 . . . 341 53 623 . 1410 435 681 121 439 2309 4431 3014 1975 Core 1976 | . 125 55 . 17 12 191 . 55 19 . . . 18 . 44 . 236 74 17 17 24 17 269 63 723 Absorbed by Shields 13 | . . . . . . . . 13 . . . . . . . . . . . . . . . . . Reduced by Siege Mode 805 | . . . . . . . . . . . . . . . 39 . 114 15 . . . 35 295 307 . Redirected to Shielding 12 | . . 6 . 3 3 . . . . . . . . . . . . . . . . . . . . Regen/Repaired (Parts) 2546 | . . . . . . 22 . . . . 109 . . . . . . . . 487 . . 1928 . . Core Remaining (%) 67 | 100 . . . 21 97 . . . . 62 . . . . . . . 56 98 98 . . 27 82 38 Volleys Fired 649 | . 60 20 . 11 37 92 . 69 13 4 . 8 44 8 10 . 30 17 38 6 19 42 68 49 4 Largest 6 | . 2 2 . 2 3 4 . 1 1 1 . 1 1 1 4 . 4 4 5 6 6 6 6 4 1 Hottest 323 | . 70 46 . 46 142 196 . 100 60 60 . 60 60 60 170 . 178 170 250 323 323 234 262 151 38 Shots Fired 1917 | . 118 38 . 21 103 356 . 73 12 4 . 8 44 8 36 . 112 68 171 21 114 182 274 150 4 Gun 1869 | . 118 36 . 20 103 352 . 61 12 4 . 8 44 8 36 . 92 68 171 21 114 182 267 149 3 Cannon 12 | . . . . . . . . 12 . . . . . . . . . . . . . . . . . Launcher 10 | . . 2 . 1 . 4 . . . . . . . . . . . . . . . . 1 1 1 Special 26 | . . . . . . . . . . . . . . . . . 20 . . . . . 6 . . Kinetic 1346 | . 98 36 . 20 65 243 . 61 12 4 . 8 44 8 16 . 52 34 70 6 44 167 219 136 3 Thermal 523 | . 20 . . . 38 109 . 12 . . . . . . 20 . 40 34 101 15 70 15 48 . 1 Explosive 34 | . . 2 . 1 . 4 . . . . . . . . . . 20 . . . . . 6 1 . Electromagnetic 14 | . . . . . . . . . . . . . . . . . . . . . . . 1 13 . Robot Hit Streak 32 | . 12 23 . 4 5 9 . 22 6 . . 13 12 4 8 . 19 9 9 10 11 15 28 32 10 Robot Miss Streak 8 | . 4 1 . 6 4 6 . 5 4 . . 2 4 3 3 . 5 6 6 3 5 4 8 4 . Penetration Max 2 | . . . . . . 1 . . . . . . . . . . . . . . . 2 1 2 . Secondary Targets 44 | . 3 2 . . 2 6 . . . . . . . . 2 . . 2 3 . . 5 16 3 . Max Gunslinging Chain 2 | . 1 1 . . 1 1 . . . . . . . . 1 . . 1 2 . . 1 2 1 . Shots Hit Robots 1216 | . 76 30 . 8 51 233 . 64 11 . . 8 44 8 25 . 56 39 74 12 66 118 186 101 6 Core Hits 829 | . 30 12 . 9 24 180 . 81 6 . . 7 56 10 9 . 67 17 37 6 28 57 119 63 11 Critical Kills 15 | . . . . . 1 1 . 1 . . . . . . . . . . 1 . . 1 8 2 . Critical Parts Destroyed 26 | . . . . 1 . 2 . . . . . . . . . . . . . . . 10 11 2 . Critical Strikes 61 | . 1 . . 1 3 6 . 1 . . . . . . 3 . 2 . 4 1 2 11 22 4 . Burn 17 | . 1 . . . 2 3 . . . . . . . . 3 . 2 . 3 1 2 . . . . Meltdown 1 | . . . . . . . . 1 . . . . . . . . . . . . . . . . . Destroy 41 | . . . . 1 1 3 . . . . . . . . . . . . 1 . . 11 20 4 . Smash 1 | . . . . . . . . . . . . . . . . . . . . . . . 1 . . Sever 1 | . . . . . . . . . . . . . . . . . . . . . . . 1 . . Melee Attacks 37 | . . . . . . . . . . . . . . . . 8 . . . . . 10 7 . 12 Kinetic 2 | . . . . . . . . . . . . . . . . . . . . . . 2 . . . Impact 35 | . . . . . . . . . . . . . . . . 8 . . . . . 8 7 . 12 Slashing . | . . . . . . . . . . . . . . . . . . . . . . . . . . Piercing . | . . . . . . . . . . . . . . . . . . . . . . . . . . Sneak Attacks 3 | . . . . . . . . . . . . . . . . . . . . . . . 2 . 1 Combat Hostiles . | . . . . . . . . . . . . . . . . . . . . . . . . . . Follow-up Attacks . | . . . . . . . . . . . . . . . . . . . . . . . . . . Damage Inflicted 57710 | . 1257 588 . 317 940 4838 . 4615 425 . . 582 2935 422 618 . 6469 916 2018 308 1813 3400 8917 3947 12385 Guns 34545 | . 1148 463 . 140 855 4151 . 3070 425 . . 582 2935 422 618 . 963 914 2018 308 1813 3268 6808 3590 54 Cannons 621 | . . . . . . . . 621 . . . . . . . . . . . . . . . . . Explosions 20356 | . . 104 . 177 . 546 . 875 . . . . . . . . 4838 . . . . . 1612 289 11915 Melee 804 | . . . . . . . . . . . . . . . . . . . . . . 132 256 . 416 Ramming 475 | . 109 21 . . 85 141 . 49 . . . . . . . . . 2 . . . . . 68 . Kinetic 27104 | . 999 463 . 140 526 2648 . 3070 425 . . 582 2935 422 284 . 525 378 673 41 529 3143 5937 3330 54 Thermal 20741 | . 149 . . . 329 1624 . 1433 . . . . . . 334 . 438 536 1345 267 1284 216 871 . 11915 Explosive 7445 | . . 104 . 177 . 425 . . . . . . . . . . 4838 . . . . . 1612 289 . Electromagnetic 323 | . . . . . . . . 63 . . . . . . . . . . . . . . . 260 . Impact 713 | . . . . . . . . . . . . . . . . . . . . . . 41 256 . 416 Slashing 909 | . . . . . . . . . . . . . . . . . 668 . . . . . 241 . . Piercing . | . . . . . . . . . . . . . . . . . . . . . . . . . . Highest Corruption 11 | . . . . . 1 6 6 10 11 11 . . . . . . . . 2 1 2 9 9 9 . Average Corruption 5 | . . . . . 1 3 6 7 10 11 . . . . . . . . 1 1 1 5 4 5 . Corruption Purged . | . . . . . . . . . . . . . . . . . . . . . . . . . . Corruption Blocked . | . . . . . . . . . . . . . . . . . . . . . . . . . . Effects 164 | . . . . . 2 9 4 45 8 5 . . . . . . . . 1 . 4 41 19 26 . Message Errors 34 | . . . . . . 1 1 9 3 2 . . . . . . . . . . . 6 7 5 . Matter Fused 35 | . . . . . . 3 1 12 2 . . . . . . . . . 1 . 1 12 2 1 . Heat Flow Errors 21 | . . . . . 1 . . 4 . 1 . . . . . . . . . . 2 9 . 4 . Energy Discharges 23 | . . . . . 1 4 2 3 . 1 . . . . . . . . . . 1 3 3 5 . Parts Rejected 2 | . . . . . . . . . . . . . . . . . . . . . . 2 . . . Data Loss (minor) 22 | . . . . . . . . 9 1 1 . . . . . . . . . . . 5 . 6 . Data Loss (major) 6 | . . . . . . . . 3 1 . . . . . . . . . . . . . 2 . . Misfires 7 | . . . . . . . . 4 . . . . . . . . . . . . . 1 1 1 . Alerts 4 | . . . . . . . . 1 . . . . . . . . . . . . . 1 1 1 . Weapon Failures 10 | . . . . . . 1 . . 1 . . . . . . . . . . . . 2 3 3 . Overload Shots . | . . . . . . . . . . . . . . . . . . . . . . . . . . Overflow Damage 2079 | . . . . . . . . 239 . . . . . . . . 178 . . . . 17 338 17 1290 Projectiles 277 | . . . . . . . . 229 . . . . . . . . 39 . . . . . 9 . . Explosions 1510 | . . . . . . . . 10 . . . . . . . . 139 . . . . . 93 . 1268 Melee 292 | . . . . . . . . . . . . . . . . . . . . . . 17 236 17 22 Knockbacks 3 | . . . . . . 1 . 1 . . . . . . . . . . . . . . 1 . . Impact 3 | . . . . . . 1 . 1 . . . . . . . . . . . . . . 1 . . Kinetic . | . . . . . . . . . . . . . . . . . . . . . . . . . . Secondary . | . . . . . . . . . . . . . . . . . . . . . . . . . . Self-Inflicted Damage 97 | . . . . . . . . 97 . . . . . . . . . . . . . . . . . Shots 1 | . . . . . . . . 1 . . . . . . . . . . . . . . . . . Rammed 22 | . 13 4 . . . . . 1 . . . . . . . . . . . . . . 1 3 . Targets Rammed 38 | . 13 4 . . 5 6 . 5 . . . . . . . . . 1 . . . . 1 3 . Kicked 15 | . . . . . 5 6 . 4 . . . . . . . . . . . . . . . . . Crushed 1 | . . . . . . . . . . . . . . . . . . 1 . . . . . . . Highest Temperature 650 | . 309 123 . 16 230 348 . 141 30 207 . 9 24 24 266 . 206 199 549 198 376 650 414 347 235 Average Temperature 94 | . 77 40 . 8 52 86 . 24 15 68 . 4 10 12 157 . 109 119 169 119 128 151 88 97 73 Received Heat Transfer 2961 | . 468 180 . . 99 477 . 177 12 . . . 138 9 225 . 278 147 99 33 60 96 373 36 54 Effects 20 | . 3 . . . . 7 . . . . . . . . 1 . . . 2 . . 4 1 . 2 Shutdowns 2 | . . . . . . . . . . . . . . . . . . . . . . 1 1 . . Energy Bleed 7 | . 2 . . . . 4 . . . . . . . . . . . . . . . 1 . . . Interference 6 | . . . . . . 3 . . . . . . . . 1 . . . . . . . . . 2 Matter Decay 2 | . . . . . . . . . . . . . . . . . . . . . . 2 . . . Damage (minor) 1 | . 1 . . . . . . . . . . . . . . . . . . . . . . . . Damage (major) 2 | . . . . . . . . . . . . . . . . . . . 2 . . . . . . Siege Activations 15 | . . . . . . . . . . . . . . . 1 . 3 3 . . . 2 4 2 . Total Turns 273 | . . . . . . . . . . . . . . . 19 . 46 24 . . . 31 105 48 . Longest Duration 42 | . . . . . . . . . . . . . . . 19 . 22 9 . . . 18 42 29 . Robots Corrupted 1 | . . . . . . . . . . . . . . . . . . . . . . . . 1 . Combat Hostiles . | . . . . . . . . . . . . . . . . . . . . . . . . . . Parts Fried 10 | . . . . . . . . 2 . . . . . . . . . . . . . 2 2 3 1 Impact Corruptions 8 | . . . . . . . . . . . . . . . . . . . . . . 1 4 1 2 Robots Melted 2 | . . . . . . . . 2 . . . . . . . . . . . . . . . . . Combat Hostiles 2 | . . . . . . . . 2 . . . . . . . . . . . . . . . . . Parts Melted 35 | . 2 . . . 3 3 . 2 . . . . 1 . 2 . 5 1 5 3 6 . 2 . . Heat Transferred 13687 | . 518 . . . 888 2986 . 1120 . . . . . . 703 . 609 777 1998 444 1813 296 1295 . 240 Parts Sabotaged . | . . . . . . . . . . . . . . . . . . . . . . . . . . Parts Stolen . | . . . . . . . . . . . . . . . . . . . . . . . . . . Parts Stripped . | . . . . . . . . . . . . . . . . . . . . . . . . . . Power Chain Reactions . | . . . . . . . . . . . . . . . . . . . . . . . . . . Missiles Intercepted . | . . . . . . . . . . . . . . . . . . . . . . . . . . Alert | -11 -10 -10 -10 -9 -8 -7 -7 -7 -7 -7 -6 -6 -6 -6 -6 -6 -6 -5 -5 -4 -3 -3 -3 -2 -1 ------- Run | Scr Mat Min Exi Min Mat Fac Was Fac Low Low Fac Was Fac Low Low Zio Dee Pro Fac Fac Res Qua Sec Res Acc Peak Influence 2220 | . 208 176 . 224 363 933 335 1152 . . 380 134 1150 . . . . . 412 294 330 304 1292 1083 2220 Initial 663 | . . 81 . . 87 138 320 220 . . 380 133 . . . . . . 12 201 162 90 113 663 649 Average 359 | . 80 103 . 129 252 338 322 668 . . 380 128 678 . . . . . 132 237 220 147 477 806 831 Maximum Alert Level 5 | . 1 . . 1 1 3 1 4 . . 1 . 4 . . . . . 2 1 1 1 4 3 5 Low Security (%) 42 | 100 81 100 . 76 20 40 . . . . . 100 18 . . . . . 80 . 45 72 11 . . Level 1 24 | . 18 . . 23 79 15 100 28 . . 100 . 3 . . . . . 16 100 54 27 44 . . Level 2 14 | . . . . . . 34 . 23 . . . . 18 . . . . . 2 . . . 24 27 42 Level 3 16 | . . . . . . 9 . 39 . . . . 57 . . . . . . . . . 8 72 55 Level 4 1 | . . . . . . . . 8 . . . . 1 . . . . . . . . . 10 . 1 Level 5 . | . . . . . . . . . . . . . . . . . . . . . . . . . 1 High Security . | . . . . . . . . . . . . . . . . . . . . . . . . . . Max Security . | . . . . . . . . . . . . . . . . . . . . . . . . . . Squads Dispatched 66 | . 3 . . . 2 16 . 6 . . . . 6 . . . . . 6 2 2 3 8 7 5 Investigation 15 | . 2 . . . 1 3 . 2 . . . . . . . . . . 1 2 . . . 1 3 Extermination 14 | . . . . . . 3 . 2 . . . . 1 . . . . . . . . 2 2 3 1 Reinforcement 21 | . 1 . . . 1 5 . . . . . . 2 . . . . . 1 . 2 1 6 1 1 Assault 7 | . . . . . . . . 2 . . . . 3 . . . . . . . . . . 2 . Garrison 9 | . . . . . . 5 . . . . . . . . . . . . 4 . . . . . . Intercept . | . . . . . . . . . . . . . . . . . . . . . . . . . . Searches Triggered . | . . . . . . . . . . . . . . . . . . . . . . . . . . Construction Impeded 2 | . . . . . . . . . . . . . . . . . . . . . . . 2 . . Haulers Reinforced 7 | . . . . . . 3 . . . . . . 1 . . . . . . . 1 . 1 . 1 Active Scanning Responses 3 | . . . . . . . . . . . . . . . . . . . . . . . . 1 2 Cargo Convoy Interrupts 2 | . . . . . . 1 . 1 . . . . . . . . . . . . . . . . . Stealth | -11 -10 -10 -10 -9 -8 -7 -7 -7 -7 -7 -6 -6 -6 -6 -6 -6 -6 -5 -5 -4 -3 -3 -3 -2 -1 --------- Run | Scr Mat Min Exi Min Mat Fac Was Fac Low Low Fac Was Fac Low Low Zio Dee Pro Fac Fac Res Qua Sec Res Acc Distress Signals 11 | . . . . . 1 2 . . . . . . . . . . . . 2 . . . 2 2 2 Communications Jammed 152 | . . . . . . . . . . . . . 86 . . . . . 34 . 1 1 16 14 . Distress Signals 146 | . . . . . . . . . . . . . 85 . . . . . 33 . 1 1 16 10 . Times Spotted 431 | . 23 6 . 6 14 46 6 41 4 . . . 38 6 7 . 31 7 26 5 8 20 55 47 35 Peak Tracking Total 37 | . 4 2 . 4 4 8 6 10 2 . . . 7 3 3 . 37 2 5 4 2 4 7 7 18 Tactical Retreats 19 | . . . . . 1 1 . 1 . . . . 2 . . . 2 . 3 1 . 1 3 2 2 Traps | -11 -10 -10 -10 -9 -8 -7 -7 -7 -7 -7 -6 -6 -6 -6 -6 -6 -6 -5 -5 -4 -3 -3 -3 -2 -1 ------- Run | Scr Mat Min Exi Min Mat Fac Was Fac Low Low Fac Was Fac Low Low Zio Dee Pro Fac Fac Res Qua Sec Res Acc Traps Triggered 12 | . 2 . . . 1 2 . 3 . . 1 . 1 . . . . . . . . . 1 1 . Indirectly . | . . . . . . . . . . . . . . . . . . . . . . . . . . Trap Hack Attempts . | . . . . . . . . . . . . . . . . . . . . . . . . . . Triggered . | . . . . . . . . . . . . . . . . . . . . . . . . . . Disarmed . | . . . . . . . . . . . . . . . . . . . . . . . . . . Reprogrammed . | . . . . . . . . . . . . . . . . . . . . . . . . . . Reused . | . . . . . . . . . . . . . . . . . . . . . . . . . . Traps Extracted . | . . . . . . . . . . . . . . . . . . . . . . . . . . Installed . | . . . . . . . . . . . . . . . . . . . . . . . . . . Triggered 4 | . . . . . . 2 . . . . . . . 1 1 . . . . . . . . . . Machines | -11 -10 -10 -10 -9 -8 -7 -7 -7 -7 -7 -6 -6 -6 -6 -6 -6 -6 -5 -5 -4 -3 -3 -3 -2 -1 ---------- Run | Scr Mat Min Exi Min Mat Fac Was Fac Low Low Fac Was Fac Low Low Zio Dee Pro Fac Fac Res Qua Sec Res Acc Machines Disabled 56 | . . 1 . 1 . 6 . 14 . . . . 3 . . . 3 . 1 . . 10 14 1 2 Max in Single Turn 3 | . . 1 . 1 . 3 . 3 . . . . 1 . . . 2 . 1 . . 1 1 1 2 Machines Sabotaged . | . . . . . . . . . . . . . . . . . . . . . . . . . . Garrisons Compromised 1 | . . . . . . 1 . . . . . . . . . . . . . . . . . . . Overloaded Fab Kills . | . . . . . . . . . . . . . . . . . . . . . . . . . . Hacking | -11 -10 -10 -10 -9 -8 -7 -7 -7 -7 -7 -6 -6 -6 -6 -6 -6 -6 -5 -5 -4 -3 -3 -3 -2 -1 --------- Run | Scr Mat Min Exi Min Mat Fac Was Fac Low Low Fac Was Fac Low Low Zio Dee Pro Fac Fac Res Qua Sec Res Acc Machines Accessed 51 | . 5 . 2 . 4 7 . 3 . . 1 . 5 . . . . . 4 3 3 7 2 1 4 Terminals 35 | . 4 . . . 3 4 . 2 . . . . 3 . . . . . 4 2 1 5 2 1 4 Fabricators 6 | . . . . . . 2 . 1 . . . . 2 . . . . . . . 1 . . . . Repair Stations 4 | . . . . . . 1 . . . . 1 . . . . . . . . 1 1 . . . . Recycling Units 2 | . 1 . . . 1 . . . . . . . . . . . . . . . . . . . . Scanalyzers 1 | . . . . . . . . . . . . . . . . . . . . . . 1 . . . Garrison Access 1 | . . . . . . . . . . . . . . . . . . . . . . 1 . . . Total Hacks 127 | . 12 . 2 . 8 23 . 6 . . 2 . 15 . . . . . 11 10 6 22 2 1 7 Successful 55 | . 5 . 2 . 4 9 . 2 . . 2 . 8 . . . . . 5 6 1 8 2 . 1 Failed 71 | . 6 . . . 4 14 . 4 . . . . 7 . . . . . 6 4 5 14 . 1 6 Catastrophic 18 | . 1 . . . 1 5 . 1 . . . . 3 . . . . . 2 1 . 2 . . 2 Database Lockouts 1 | . 1 . . . . . . . . . . . . . . . . . . . . . . . . Manual 43 | . 11 . 1 . 1 8 . 1 . . . . 8 . . . . . . . 2 9 . . 2 Terminals 95 | . 11 . . . 7 16 . 3 . . . . 9 . . . . . 11 6 2 20 2 1 7 Fabricators 15 | . . . . . . 5 . 3 . . . . 6 . . . . . . . 1 . . . . Repair Stations 11 | . . . . . . 2 . . . . 2 . . . . . . . . 4 3 . . . . Recycling Units 2 | . 1 . . . 1 . . . . . . . . . . . . . . . . . . . . Scanalyzers 1 | . . . . . . . . . . . . . . . . . . . . . . 1 . . . Garrison Access 1 | . . . . . . . . . . . . . . . . . . . . . . 1 . . . Terminal Hacks 36 | . 3 . 2 . 3 4 . 1 . . . . 4 . . . . . 5 4 1 6 2 . 1 Record 1 | . . . 1 . . . . . . . . . . . . . . . . . . . . . . Part Schematic 2 | . . . . . . 2 . . . . . . . . . . . . . . . . . . . Robot Analysis 3 | . 2 . . . . 1 . . . . . . . . . . . . . . . . . . . Prototype ID Bank 1 | . 1 . . . . . . . . . . . . . . . . . . . . . . . . Open Door 2 | . . . . . . . . . . . . . . . . . . . . . . . 2 . . Branch Access Points 5 | . . . . . . 1 . . . . . . 1 . . . . . 1 1 1 . . . . Emergency Access Points 3 | . . . . . 1 . . . . . . . 1 . . . . . 1 . . . . . . Terminal Index 3 | . . . . . . . . . . . . . . . . . . . 1 . . 2 . . . Repair Station Index 2 | . . . . . . . . . . . . . . . . . . . . 1 . 1 . . . Alert Level 2 | . . . . . . . . . . . . . . . . . . . . . . 2 . . . Unreport Threat 1 | . . . . . . . . . . . . . 1 . . . . . . . . . . . . Locate Traps 2 | . . . . . . . . . . . . . . . . . . . 1 1 . . . . . Hauler Manifests 4 | . . . . . 1 . . . . . . . . . . . . . 1 1 . 1 . . . Zone Layout 4 | . . . . . 1 . . 1 . . . . 1 . . . . . . . . . . . 1 EX-Prototype ID Bank 1 | . . . 1 . . . . . . . . . . . . . . . . . . . . . . Fabricator Hacks 3 | . . . . . . 2 . 1 . . . . . . . . . . . . . . . . . Load Schematic 2 | . . . . . . 1 . 1 . . . . . . . . . . . . . . . . . Build 1 | . . . . . . 1 . . . . . . . . . . . . . . . . . . . Repair Station Hacks 6 | . . . . . . 2 . . . . 2 . . . . . . . . 2 . . . . . Scan Component 3 | . . . . . . 1 . . . . 1 . . . . . . . . 1 . . . . . Repair 3 | . . . . . . 1 . . . . 1 . . . . . . . . 1 . . . . . Recycling Unit Hacks . | . . . . . . . . . . . . . . . . . . . . . . . . . . Scanalyzer . | . . . . . . . . . . . . . . . . . . . . . . . . . . Garrison Access Hacks . | . . . . . . . . . . . . . . . . . . . . . . . . . . Unauthorized Hacks 10 | . 2 . . . 1 1 . . . . . . 4 . . . . . . . . 2 . . . Terminals 5 | . 1 . . . . 1 . . . . . . 1 . . . . . . . . 2 . . . Assimilate 1 | . 1 . . . . . . . . . . . . . . . . . . . . . . . . Botnet 3 | . . . . . . 1 . . . . . . 1 . . . . . . . . 1 . . . Operators 1 | . . . . . . . . . . . . . . . . . . . . . . 1 . . . Fabricators 3 | . . . . . . . . . . . . . 3 . . . . . . . . . . . . Report 1 | . . . . . . . . . . . . . 1 . . . . . . . . . . . . Liberate 1 | . . . . . . . . . . . . . 1 . . . . . . . . . . . . Haulers 1 | . . . . . . . . . . . . . 1 . . . . . . . . . . . . Repair Stations . | . . . . . . . . . . . . . . . . . . . . . . . . . . Recycling Units 2 | . 1 . . . 1 . . . . . . . . . . . . . . . . . . . . Tunnel 2 | . 1 . . . 1 . . . . . . . . . . . . . . . . . . . . Scanalyzers . | . . . . . . . . . . . . . . . . . . . . . . . . . . Garrison Access . | . . . . . . . . . . . . . . . . . . . . . . . . . . Data Cores Recovered 3 | . . . . . . 1 . 1 . . . . 1 . . . . . . . . . . . . Used . | . . . . . . . . . . . . . . . . . . . . . . . . . . Hacking Detections 46 | . 4 . . . 3 7 . 3 . . 1 . 5 . . . . . 4 3 3 7 1 1 4 Full Trace Events 11 | . 3 . . . . 3 . 1 . . . . . . . . . . 1 2 . . . . 1 Feedback Events 1 | . . . . . . . . . . . . . . . . . . . . 1 . . . . . Corruption 1 | . . . . . . . . . . . . . . . . . . . . 1 . . . . . Feedback Blocked . | . . . . . . . . . . . . . . . . . . . . . . . . . . Robot Schematics Acquired 1 | . . . . . . . . . . . . . . . . . . . . . . . 1 . . Robots Built . | . . . . . . . . . . . . . . . . . . . . . . . . . . Authchips . | . . . . . . . . . . . . . . . . . . . . . . . . . . Time . | . . . . . . . . . . . . . . . . . . . . . . . . . . Total Robot Build Rating . | . . . . . . . . . . . . . . . . . . . . . . . . . . Part Schematics Acquired 7 | . . . . . . 2 . . . . . . . . . . . . . . . . 5 . . Parts Built 2 | . . . . . . 2 . . . . . . . . . . . . . . . . . . . Authchips . | . . . . . . . . . . . . . . . . . . . . . . . . . . Time 42 | . . . . . . 42 . . . . . . . . . . . . . . . . . . . Total Part Build Rating 8 | . . . . . . 8 . . . . . . . . . . . . . . . . . . . Parts Repaired 3 | . . . . . . 1 . . . . 1 . . . . . . . . 1 . . . . . Time 104 | . . . . . . 32 . . . . 44 . . . . . . . . 28 . . . . . Parts Recycled . | . . . . . . . . . . . . . . . . . . . . . . . . . . Recycled Matter . | . . . . . . . . . . . . . . . . . . . . . . . . . . Retrieved Matter . | . . . . . . . . . . . . . . . . . . . . . . . . . . Retrieved Components . | . . . . . . . . . . . . . . . . . . . . . . . . . . Parts Scanalyzed . | . . . . . . . . . . . . . . . . . . . . . . . . . . Part Schematics Acquired . | . . . . . . . . . . . . . . . . . . . . . . . . . . Parts Damaged . | . . . . . . . . . . . . . . . . . . . . . . . . . . Bothacking | -11 -10 -10 -10 -9 -8 -7 -7 -7 -7 -7 -6 -6 -6 -6 -6 -6 -6 -5 -5 -4 -3 -3 -3 -2 -1 ------------ Run | Scr Mat Min Exi Min Mat Fac Was Fac Low Low Fac Was Fac Low Low Zio Dee Pro Fac Fac Res Qua Sec Res Acc Used RIF Installer . | . . . . . . . . . . . . . . . . . . . . . . . . . . Robots Hacked . | . . . . . . . . . . . . . . . . . . . . . . . . . . Non-combat . | . . . . . . . . . . . . . . . . . . . . . . . . . . Combat . | . . . . . . . . . . . . . . . . . . . . . . . . . . Robot Hacks Applied . | . . . . . . . . . . . . . . . . . . . . . . . . . . Relay Couplers Released 8 | . . . . . . 4 . . . . . . . . . . . . . . . . 4 . . Programmers 8 | . . . . . . 4 . . . . . . . . . . . . . . . . 4 . . Fabnet Peak Effective % . | . . . . . . . . . . . . . . . . . . . . . . . . . . Robots Rewired . | . . . . . . . . . . . . . . . . . . . . . . . . . . Allies Hacked . | . . . . . . . . . . . . . . . . . . . . . . . . . . Hacks Repelled . | . . . . . . . . . . . . . . . . . . . . . . . . . . Allies | -11 -10 -10 -10 -9 -8 -7 -7 -7 -7 -7 -6 -6 -6 -6 -6 -6 -6 -5 -5 -4 -3 -3 -3 -2 -1 -------- Run | Scr Mat Min Exi Min Mat Fac Was Fac Low Low Fac Was Fac Low Low Zio Dee Pro Fac Fac Res Qua Sec Res Acc Total Allies 26 | . 1 . . 3 . . . . . . . 20 . . . . . . . . . . . 2 . Largest Group 20 | . 1 1 1 4 4 . . . . . . 20 19 5 3 3 3 . . . . . . 1 . Highest-Rated Group 805 | . 10 10 10 50 50 . . . . . . 805 755 152 78 77 77 . . . . . . 65 . Highest-Rated Ally 65 | . 10 10 10 16 16 . . . . . . 50 46 46 27 27 27 . . . . . . 65 . Total Orders 1 | . . . . . 1 . . . . . . . . . . . . . . . . . . . . STAY 1 | . . . . . 1 . . . . . . . . . . . . . . . . . . . . Ally Attacks 192 | . . . . . 30 . . . . . . . 150 12 . . . . . . . . . . . Total Damage 4257 | . . . . . 293 . . . . . . . 3782 182 . . . . . . . . . . . Kills 29 | . . . . . 4 . . . . . . . 25 . . . . . . . . . . . . Allies Corrupted 1 | . . . . . . . . . . . . . 1 . . . . . . . . . . . . Allies Melted . | . . . . . . . . . . . . . . . . . . . . . . . . . . Intel | -11 -10 -10 -10 -9 -8 -7 -7 -7 -7 -7 -6 -6 -6 -6 -6 -6 -6 -5 -5 -4 -3 -3 -3 -2 -1 ------- Run | Scr Mat Min Exi Min Mat Fac Was Fac Low Low Fac Was Fac Low Low Zio Dee Pro Fac Fac Res Qua Sec Res Acc Robot Analysis Total 3 | . 2 . . . . 1 . . . . . . . . . . . . . . . . . . . Derelict Logs Recovered 9 | . . 1 . 2 . . . . 1 . . . . 2 . . . 3 . . . . . . . Drone Launches . | . . . . . . . . . . . . . . . . . . . . . . . . . . Drone Recoveries . | . . . . . . . . . . . . . . . . . . . . . . . . . . Exploration | -11 -10 -10 -10 -9 -8 -7 -7 -7 -7 -7 -6 -6 -6 -6 -6 -6 -6 -5 -5 -4 -3 -3 -3 -2 -1 ------------- Run | Scr Mat Min Exi Min Mat Fac Was Fac Low Low Fac Was Fac Low Low Zio Dee Pro Fac Fac Res Qua Sec Res Acc Turns Passed 18952 | 83 1170 783 490 311 691 2451 82 1315 234 97 134 415 890 471 691 1574 1097 630 789 153 443 1456 1203 1032 267 Spaces Moved 11696 | 52 521 445 342 301 427 1167 72 1182 169 72 68 300 474 333 450 782 610 343 372 71 228 943 510 631 831 Core 18 | 13 . . . . . . . . . . . . . . . . . . . . . . . . 5 Treads 3416 | 39 521 445 246 . . . . 4 . . . . . . . 425 438 343 347 . . . 177 431 . Legs 4282 | . . . 96 301 427 1167 72 1025 . . . . . . . . . . . . . 861 333 . . Wheels 2954 | . . . . . . . . 153 169 72 68 300 474 333 450 357 172 . 25 71 228 82 . . . Hover . | . . . . . . . . . . . . . . . . . . . . . . . . . . Flight 1017 | . . . . . . . . . . . . . . . . . . . . . . . . 200 817 Fastest Speed 8 | 50 160 160 90 90 90 170 45 90 130 130 130 130 130 130 145 145 145 162 140 140 140 105 104 8 8 Average Speed 133 | 132 160 160 140 90 124 171 108 94 130 130 130 130 130 134 145 196 157 162 164 140 153 126 164 118 18 Slowest Speed 260 | 160 160 160 160 90 170 176 170 160 130 130 130 130 130 145 145 240 163 162 260 140 185 185 250 170 150 Overloaded Moves 209 | . . . . . . . 63 . . . . . . . . . . . . . . . . 25 121 Propulsion Burnouts . | . . . . . . . . . . . . . . . . . . . . . . . . . . Robots Hopped 22 | . . . . . . . . . . . . . . . . . . . . . . . . 6 16 Cave-ins Triggered . | . . . . . . . . . . . . . . . . . . . . . . . . . . Teleports 7 | . . . . . . . . . . . . . . . . . . . . . . 1 2 2 2 Spacefolds 3 | . . . . . . . . . . . . . . . . . . . . . . . . . 3 Exploration Rate (%) 44 | 4 63 97 70 65 31 29 75 33 42 9 3 88 15 51 70 80 76 57 11 3 8 92 36 23 20 Regions Visited 25 Branch Regions 12 Pre-discovered Areas 6 | . 1 . 1 . 1 . . . . . . . . 1 . 2 . . . . . . . . . Known Exits Taken 7 | . . . . 1 1 . . 1 . . . . 1 . . . . . 1 . 1 . . 1 . Unknown Exits Taken 14 | 1 1 1 1 . . . . . 1 1 . . . 1 1 1 1 1 . 1 . 1 1 . . Scrap Searched 16 | . . 2 . 3 . . . . 1 . . . . 4 2 4 . . . . . . . . . Spaces Dug 68 | . . . . . . . . 47 . . . . . . . 2 1 . 2 2 . 2 5 . 7 Terrain Destroyed 924 | . . 14 . 9 . 51 . 140 4 . . 1 6 1 . 2 5 . 12 4 5 36 70 35 529 Melee 13 | . . . . . . . . . . . . . . . . 2 . . . . . 2 2 . 7 Projectile 177 | . . . . . . . . 19 4 . . 1 6 1 . . 2 . 12 4 5 34 62 27 . AOE 732 | . . 14 . 9 . 51 . 121 . . . . . . . . 3 . . . . . 6 6 522 Terrain Rammed . | . . . . . . . . . . . . . . . . . . . . . . . . . . Walls Destroyed . | . . . . . . . . . . . . . . . . . . . . . . . . . . Machines Disabled . | . . . . . . . . . . . . . . . . . . . . . . . . . . Actions | -11 -10 -10 -10 -9 -8 -7 -7 -7 -7 -7 -6 -6 -6 -6 -6 -6 -6 -5 -5 -4 -3 -3 -3 -2 -1 --------- Run | Scr Mat Min Exi Min Mat Fac Was Fac Low Low Fac Was Fac Low Low Zio Dee Pro Fac Fac Res Qua Sec Res Acc Total 13908 | 66 746 482 355 322 511 1409 75 1347 183 75 114 328 751 356 471 815 698 391 483 118 284 1116 710 803 899 Wait 887 | . 128 4 . 9 11 64 . 43 . . 42 9 204 9 6 . 35 31 42 31 7 29 43 75 65 Move 11626 | 51 520 444 341 300 426 1167 71 1181 168 71 68 299 473 332 449 781 609 342 371 70 227 942 509 619 795 Hop 18 | . . . . . . . . . . . . . . . . . . . . . . . . 5 13 Pick Up 184 | 9 13 4 4 . 16 13 2 23 1 . 1 5 6 3 2 12 6 . 10 3 9 21 16 5 . Fast Attach 80 | . 4 . . . 4 12 . 5 . . 1 . 1 . 2 . 3 . 4 . 7 14 16 6 1 Attach 116 | 6 2 3 2 . 3 7 1 6 1 . 2 . 5 . 2 4 5 . 7 4 3 16 17 15 5 Detach 18 | . . . 1 . . . . 2 . . . . 2 . . . . . . 1 . 3 5 3 1 Swap 64 | . 2 2 . 2 2 16 . 3 . . . . 1 2 . 2 3 . 5 1 1 12 5 3 2 Drop 182 | . 4 1 7 . 7 32 1 9 . . . 7 7 2 . 8 7 . 6 2 11 27 23 20 1 Fire 649 | . 60 20 . 11 37 92 . 69 13 4 . 8 44 8 10 . 30 17 38 6 19 42 68 49 4 Melee 37 | . . . . . . . . . . . . . . . . 8 . . . . . 10 7 . 12 Ram 1 | . . . . . . . . 1 . . . . . . . . . . . . . . . . . Kick 15 | . . . . . 5 6 . 4 . . . . . . . . . . . . . . . . . Crush 22 | . 13 4 . . . . . . . . . . . . . . . 1 . . . . 1 3 . Escape Stasis 9 | . . . . . . . . 1 . . . . 8 . . . . . . . . . . . . Rewire . | . . . . . . . . . . . . . . . . . . . . . . . . . . Trap . | . . . . . . . . . . . . . . . . . . . . . . . . . . Miscellaneous . | . . . . . . . . . . . . . . . . . . . . . . . . . . Route ------- -11/Scrapyard -10/Materials (discovered 3 exits: [*Mat x2] / [*Min]) -10/Mines (discovered 3 exits: [*Mat x2] / *Exi) -10/Exiles -9/Mines -8/Materials (discovered 2 exits: *Fac x2) -7/Factory (discovered 2 exits: *Low x2) -7/Waste -7/Factory (discovered 2 exits: Fac / *Low) -7/Lower Caves -7/Lower Caves -6/Factory -6/Waste -6/Factory (discovered 4 exits: *Low x2 / *Ext x2) -6/Lower Caves -6/Lower Caves -6/Zion (discovered 2 exits: [*Dee] / [*Pro]) -6/Deep Caves -5/Proximity Caves -5/Factory (discovered 4 exits: *Fac x2 / Upp x2) -4/Factory (discovered 3 exits: *Res / Upp x2) -3/Research (discovered 3 exits: Arm / *Qua x2) -3/Quarantine (discovered 2 exits: *Res / *Sec) -3/Section 7 -2/Research -1/Access To Fleet Rendezvous History --------- Turn | Location | Event 4 | -11/Scrapyard | Discovered new exit (range 16) 84 | -11/Scrapyard | Entered Materials 313 | -10/Materials | Build established: Mutant 506 | -10/Materials | Lost 3 parts (1p1u1w) 546 | -10/Materials | Discovered new exit (range 6) 1033 | -10/Materials | Central database locked down 1033 | -10/Materials | Discovered new exit (range 15) 1228 | -10/Materials | Discovered new exit (range 16) 1254 | -10/Materials | Entered Mines 1254 | -10/Mines | Accompanied by 1 ally 1263 | -10/Mines | Core integrity fell below 50% 1281 | -10/Mines | Discovered new exit (range 7) 1709 | -10/Mines | Discovered new exit (range 12) 1773 | -10/Mines | Learned Materials emergency access door positions 1924 | -10/Mines | Received a Rocket Launcher from a helpful Derelict 2028 | -10/Mines | Deemed a non-threat by the Exiles lab entrance 2028 | -10/Mines | Discovered new exit (range 5) 2037 | -10/Mines | Entered Exiles 2037 | -10/Exiles | Accompanied by 1 ally 2077 | -10/Exiles | Met 8R-AWN 2103 | -10/Exiles | Met EX-HEX 2149 | -10/Exiles | Met EX-BIN 2183 | -10/Exiles | Met EX-DEC 2191 | -10/Exiles | Learned location of Zion (-6) 2373 | -10/Exiles | Aligned with FarCom system 2375 | -10/Exiles | Given EX-Vault access code 2412 | -10/Exiles | Opened EX-Vault 2423 | -10/Exiles | Found Potential Leg 2425 | -10/Exiles | Found Potential Leg 2439 | -10/Exiles | Found XL Autogun Array 2441 | -10/Exiles | Found YOLO Cannon 2461 | -10/Exiles | Warned to stay clear of 0b10 Research branches 2517 | -10/Exiles | Discovered new exit (range 12) 2527 | -10/Exiles | Stole three prototypes: Potential Leg, YOLO Cannon, XL Autogun Array 2527 | -10/Exiles | Entered Mines 2527 | -9/Mines | Accompanied by 1 ally 2635 | -9/Mines | Identified exit to Materials 2782 | -9/Mines | Learned location of 1 exit from Materials 2795 | -9/Mines | Assisted by bots powering up and referring to "LRC-V3" 2838 | -9/Mines | Entered Materials 2838 | -8/Materials | Accompanied by 4 allies 2838 | -8/Materials | Evolved 4 slots: Propulsion x1, Utility x2, Weapon x1 2839 | -8/Materials | Identified exit to Factory 3193 | -8/Materials | Discovered exit to Factory (range 15) 3219 | -8/Materials | Build established: Skirmisher 3529 | -8/Materials | Entered Factory 3529 | -7/Factory | Evolved 2 slots: Propulsion x1, Weapon x1 3531 | -7/Factory | FarCom data flow suspended 3771 | -7/Factory | Repaired Beam Rifle 3872 | -7/Factory | Build established: Scavenger-Tank 4408 | -7/Factory | Identified exit to Lower Caves 4426 | -7/Factory | Garrison activated, responded to threat 5168 | -7/Factory | Cargo convoy interrupted 5674 | -7/Factory | Fabricated Powered Armor (x2) 5822 | -7/Factory | Garrison activated, responded to threat 5980 | -7/Factory | Sucked down chute 5980 | -7/Factory | Entered Waste 5994 | -7/Waste | Spotted C-40 Crusher 6008 | -7/Waste | Spotted C-40 Crusher 6008 | -7/Waste | Spotted C-40 Crusher 6025 | -7/Waste | Spotted C-40 Crusher 6032 | -7/Waste | Spotted C-40 Crusher 6041 | -7/Waste | Spotted C-40 Crusher 6044 | -7/Waste | Crushed by Compactor (1 part destroyed, 1 dropped) 6049 | -7/Waste | Crushed by Compactor (1 part destroyed, 2 dropped) 6057 | -7/Waste | Discovered new exit (range 12) 6062 | -7/Waste | Entered Factory 6169 | -7/Factory | Discovered new exit (range 17) 6352 | -7/Factory | Build established: Mutant 6610 | -7/Factory | Discovered exit to Lower Caves (range 8) 6836 | -7/Factory | Build established: Gunner 7106 | -7/Factory | Cargo convoy interrupted 7128 | -7/Factory | System corruption reached 10% 7178 | -7/Factory | Destroyed 8 combat bots 7262 | -7/Factory | First assault squad dispatched 7377 | -7/Factory | Entered Lower Caves 7477 | -7/Lower Caves | Encountered a Warlord checkpoint 7571 | -7/Lower Caves | Attracted the attention of an 0b10 checkpoint 7582 | -7/Lower Caves | Discovered new exit (range 7) 7595 | -7/Lower Caves | Learned Factory garrison access intel 7611 | -7/Lower Caves | Entered another Lower Caves area 7622 | -7/Lower Caves | Discovered new exit (range 14) 7708 | -7/Lower Caves | Entered Factory 7708 | -6/Factory | Evolved 2 slots: Propulsion x2 7709 | -6/Factory | Loaded intel: 3 garrison access locations 7778 | -6/Factory | Repaired Arm. Huge Wheel 7842 | -6/Factory | Sucked down chute 7842 | -6/Factory | Entered Waste 7843 | -6/Waste | Joined by Warlord forces that had cleared the area 8028 | -6/Waste | Discovered new exit (range 13) 8257 | -6/Waste | Entered Factory 8257 | -6/Factory | Accompanied by 19 allies 8589 | -6/Factory | Discovered new exit (range 16) 8607 | -6/Factory | First assault squad dispatched 8796 | -6/Factory | Identified exit to Lower Caves 8796 | -6/Factory | Identified exit to Extension 9147 | -6/Factory | Entered Lower Caves 9147 | -6/Lower Caves | Accompanied by 6 allies 9457 | -6/Lower Caves | Learned Factory emergency access door positions 9602 | -6/Lower Caves | Discovered new exit (range 8) 9618 | -6/Lower Caves | Entered another Lower Caves area 9618 | -6/Lower Caves | Accompanied by 3 allies 9769 | -6/Lower Caves | Attracted the attention of an 0b10 checkpoint 10275 | -6/Lower Caves | Encountered a Warlord checkpoint 10287 | -6/Lower Caves | Discovered new exit (range 16) 10309 | -6/Lower Caves | Entered Zion 10309 | -6/Zion | Accompanied by 3 allies 10388 | -6/Zion | Discovered new exit (range 8) 10418 | -6/Zion | Found Prototype Special Weapon 10421 | -6/Zion | Found Prototype Special Weapon 10423 | -6/Zion | Found Prototype Special Weapon 10426 | -6/Zion | Found Prototype Special Weapon 10500 | -6/Zion | Learned location of Warlord (-5) 11040 | -6/Zion | Given the Hacking Drone Bay 11177 | -6/Zion | Found Prototype Device 11875 | -6/Zion | Discovered new exit (range 5) 11876 | -6/Zion | Saw the warning signs outside the Deep Caves entrance 11883 | -6/Zion | Entered Deep Caves 11883 | -6/Deep Caves | Accompanied by 3 allies 12127 | -6/Deep Caves | Attacked by Z-Imprinter 12144 | -6/Deep Caves | Destroyed Z-Imprinter 12176 | -6/Deep Caves | Found Prototype Device 12176 | -6/Deep Caves | Identified Zio. Metafield Generator 12198 | -6/Deep Caves | Found Prototype Protection 12264 | -6/Deep Caves | Z-Facility disabled 12477 | -6/Deep Caves | Build established: Scavenger-Gunner 12703 | -6/Deep Caves | Discovered new exit (range 7) 12790 | -6/Deep Caves | Spotted as-86936 12798 | -6/Deep Caves | Identified RU-N14's Throwing Claymores (x4) 12826 | -6/Deep Caves | Destroyed as-86936 12857 | -6/Deep Caves | Triggered Deep Caves wall 12858 | -6/Deep Caves | Destroyed AS-27015 12861 | -6/Deep Caves | Exposed GOLEM chamber 12867 | -6/Deep Caves | Destroyed AS-66081 12887 | -6/Deep Caves | Found GOLEM Unit 12888 | -6/Deep Caves | Destroyed 36 combat bots 12980 | -6/Deep Caves | Entered Proximity Caves 13161 | -5/Proximity Caves | Received a Behemoth hack from an annoying Tinkerer 13353 | -5/Proximity Caves | Build established: Gunner 13370 | -5/Proximity Caves | Attracted the attention of an 0b10 checkpoint 13487 | -5/Proximity Caves | Learned Factory trap positions 13516 | -5/Proximity Caves | Learned 12 Factory zone layouts 13519 | -5/Proximity Caves | Learned location of 1 exit from Factory 13592 | -5/Proximity Caves | Discovered new exit (range 10) 13610 | -5/Proximity Caves | Entered Factory 13610 | -5/Factory | Evolved 2 slots: Power x1, Weapon x1 13611 | -5/Factory | Identified exit to Factory 13613 | -5/Factory | Loaded intel: 85 trap records 13855 | -5/Factory | Identified exit to Upper Caves 13859 | -5/Factory | Garrison activated, responded to threat 14104 | -5/Factory | Garrison activated, responded to threat 14353 | -5/Factory | Destroyed 7 combat bots 14399 | -5/Factory | Entered another Factory area 14399 | -4/Factory | Evolved 2 slots: Propulsion x1, Weapon x1 14436 | -4/Factory | Identified exit to Upper Caves 14515 | -4/Factory | Repaired Hvy. Treads 14522 | -4/Factory | Discovered new exit (range 5) 14552 | -4/Factory | Entered Research 14552 | -3/Research | Evolved 2 slots: Propulsion x2 14803 | -3/Research | Identified exit to Armory 14803 | -3/Research | Identified exit to Quarantine 14863 | -3/Research | Build established: Scavenger-Executioner 14995 | -3/Research | Entered Quarantine 15074 | -3/Quarantine | Found Prototype Processor 15076 | -3/Quarantine | Identified Exp. Signal Interpreter 15235 | -3/Quarantine | Found Alien Impact Weapon 15337 | -3/Quarantine | Identified Hacking Drone Bay 15397 | -3/Quarantine | Cryocooling Duct disabled 15412 | -3/Quarantine | Ambient heat levels rising (+20) 15412 | -3/Quarantine | Non-combat units ordered to evacuate 15638 | -3/Quarantine | Spotted Alpha 7 15666 | -3/Quarantine | Destroyed Alpha 7 15705 | -3/Quarantine | Lost 3 parts (1p1u1w) 15705 | -3/Quarantine | Found Prototype Ballistic Gun 15705 | -3/Quarantine | Identified Multirail 15718 | -3/Quarantine | Found Unknown Device 15719 | -3/Quarantine | Identified Antimissile System 15766 | -3/Quarantine | Found Alien Launcher 15844 | -3/Quarantine | Found Alien Reactor 15917 | -3/Quarantine | Found Alien Artifact 15984 | -3/Quarantine | Discovered new exit (range 15) 16048 | -3/Quarantine | Identified Matter Drive 16111 | -3/Quarantine | Found Alien Artifact 16114 | -3/Quarantine | Found Alien Artifact 16116 | -3/Quarantine | Found Alien Artifact 16124 | -3/Quarantine | Found Alien Artifact 16124 | -3/Quarantine | Identified Transdimensional Reconstructor (x2) 16124 | -3/Quarantine | Warped through subspace 16285 | -3/Quarantine | Identified Core Stripper 16318 | -3/Quarantine | Spotted Fortress 16443 | -3/Quarantine | Discovered new exit (range 5) 16451 | -3/Quarantine | Entered Section 7 16458 | -3/Section 7 | Build established: Scavenger-Mutant 16487 | -3/Section 7 | Warped through subspace 16507 | -3/Section 7 | Found Alien Artifact 16507 | -3/Section 7 | Identified Core Reset Matrix 16507 | -3/Section 7 | Identified Hpw. Transdimensional Reconstructor (x2) 16507 | -3/Section 7 | Identified Subatomic Replicator 16507 | -3/Section 7 | Identified Sigix Terminator 16507 | -3/Section 7 | Used Core Reset Matrix 16511 | -3/Section 7 | Sensed 19 artifacts in vicinity 16521 | -3/Section 7 | Warped through subspace 16535 | -3/Section 7 | Found Spacefold Activator 16559 | -3/Section 7 | Spotted B-86 Titan 16731 | -3/Section 7 | Spotted Executioner 16731 | -3/Section 7 | Spotted Executioner 16739 | -3/Section 7 | Destroyed Executioner 16758 | -3/Section 7 | Destroyed Executioner 16843 | -3/Section 7 | Found Prototype Device 16843 | -3/Section 7 | Identified Adv. Kinecellerator 16847 | -3/Section 7 | Found Prototype Processor 16847 | -3/Section 7 | Identified Exp. Core Analyzer 16851 | -3/Section 7 | Found Exp. Core Analyzer 16914 | -3/Section 7 | Found Hpw. Transdimensional Reconstructor 16920 | -3/Section 7 | Found Transdimensional Reconstructor 16922 | -3/Section 7 | Found Transdimensional Reconstructor 17083 | -3/Section 7 | Found Integrity Redistributor 17274 | -3/Section 7 | Used Integrity Redistributor, redistributed integrity from core (-327) 17275 | -3/Section 7 | Core integrity fell below 50% 17392 | -3/Section 7 | Destroyed B-86 Titan 17446 | -3/Section 7 | Destroyed 9 combat bots 17501 | -3/Section 7 | Destroyed 7 combat bots 17623 | -3/Section 7 | Discovered new exit (range 16) 17654 | -3/Section 7 | Entered Research 17654 | -2/Research | Evolved 2 slots: Power x1, Propulsion x1 17724 | -2/Research | Spotted B-90 Cyclops 17823 | -2/Research | Build established: Scavenger-Executioner 18022 | -2/Research | Warped through subspace 18238 | -2/Research | Build established: Scavenger-Gunner 18326 | -2/Research | Warped through subspace 18357 | -2/Research | Lost 3 parts (1p1n1w) 18441 | -2/Research | First assault squad dispatched 18573 | -2/Research | Found Prototype Device 18634 | -2/Research | Used Subatomic Replicator to replicate GOLEM Unit 18638 | -2/Research | Identified Active Sensor Suite 18669 | -2/Research | Discovered new exit (range 3) 18669 | -2/Research | Identified exit to Access 18686 | -2/Research | Entered Access 18686 | -1/Access | Evolved 2 slots: Propulsion x2 18869 | -1/Access | Warped through subspace 18897 | -1/Access | Warped through subspace 18923 | -1/Access | Spotted B-99 Colossus 18924 | -1/Access | Spotted B-99 Colossus 18945 | -1/Access | Discovered new exit (range 3) 18946 | -1/Access | Core integrity fell below 50% 18950 | -1/Access | Fired Sigix Terminator 18950 | -1/Access | Destroyed B-99 Colossus 18953 | *** | Heading to fleet! Last Messages --------------- 18944_ Electron Diverter destroyed. 18944_ Spacefolded through Sealed Heavy Doors. 18945_ EXIT=FOUND 18945_ Spacefolded through Main Access Shell. Sealed Barrier opened remotely. 18947_ Cld. Field Propulsion Drive destroyed. 18947_ Exp. Heat Sink destroyed. 18947_ Penetrated by Slug. 18950_ Sigix Terminator expended. 18950_ Destroyed Multirail. 18950_ Destroyed Unknown Protection. 18950_ B-99 Colossus destroyed. 18950_ S-43 Plague destroyed. 18950_ Destroyed Lgt. Antimatter Reactor. 18950_ Destroyed Unknown Ballistic Gun. 18950_ S-43 Plague destroyed. 18951_ Critical hit (Destroy). 18951_ Gravity Flail destroyed. 18951_ Penetrated by Slug. 18952_ Acquired 7 matter. Map ----- +----------------------------------------------------+ | ????????????????????????????????????# #???????? | | ????????????????????????????????????# ????????? | | ????????????????????????????????????? ????????? | | ????????????????????????????????????? ????????? | | ?????????????????????????????######### #????????? | | ????????????????????????????? ## #????????? | | ????????????????????????????? ## #????????? | | ?????????????????????????????"""" ## #????????? | | ?????????????????????????????"""" ## ########## | | ????????????????????????????""""" # | | ????????????????????????????""""" + | | ????????????????????????????""""" # | | ????????????????????????????"""" + [ | | ???????????????????????# "############# | | ???????????????????????# ;????????????? | | ???????????????????????# ; ?????####### | | ???????????????????????# ; ?????# | | ???????????????????????######;;;;;;;; ????# | | ???????????????????##???????# ????# | | ??????????????###### #######;;;;;;;;;;;###?# | | ??????????#???""T""" ### ## | | ??????????# """ """ "## #? | | ??????????# % "#" #? | | ??????????# #? | | ??????????# "" % ## | | ??????????# @" % " | | ??????????# ## | | ??????????# ###+##### | | ??????????# BB " | | ??????????# BB " | | ??????????# ####### ########;;;;;;;;;;### """""" | | ???????????????????##????????# ??# ""S""" | | ?????????????????????????????? ??# """ | | ??????????????????????????????? ???# | | ??????????????????????????????? ???# | | ???????????????????????????????? ????# | | ????????????????????????????????? ????# | | ?????????????????????????????????? ??????# | | ?????????????????????????????????????????# | | ?????????????????????????????????????????# ! | | ?????????????????????????????????????????######### | | ?????????????????????????????????????????????????? | | ?????????????????????????????????????????????????? | | ?????????????????????????????????????????????????? | | ?????????????????????????????????????????????????? | | ?????????????????????????????????????????????????? | | ?????????????????????????????????????????????????? | | ?????????????????????????????????????????????????? | | ?????????????????????????????????????????????????? | | ?????????????????????????????????????????????????? | +----------------------------------------------------+ Best States ------------- Heat Dissipation 78 Coolant Potential 80 Energy Generation 59 Energy Capacity 900 Matter Stores 300 Matter Capacity 300 Sight Range 16 Robot Scan Range 20 Terrain Scan Density 10 Jamming Range 16 Armor Coverage 400 Core Shielding 20 Point Defense Rating 240 Evasion (%) 67 Targeting Accuracy 8 Target Analysis 8 Core Analysis 8 Armor Integrity Analysis 30 Recoil Reduction 10 Kinecelleration 50 Offensive Hacking 23 Defensive Hacking 14 Authchip Count 6 Item Schematics ----------------- Exp. Shield Generator | -3/Section 7 | Archive Enh. Armored Medium Treads | -3/Section 7 | Archive Hvy. Antimatter Reactor | -3/Section 7 | Archive Exp. Matter Compressor | -3/Section 7 | Archive Com. Tesla Bomb Launcher | -3/Section 7 | Archive Robot Schematics ------------------ R-06 Scavenger | -3/Section 7 | Archive Fabricated ------------ Powered Armor | x2 | -7/Factory Alien Tech Used ----------------- Matter Drive Transdimensional Reconstructor Core Stripper Core Reset Matrix High-powered Transdimensional Reconstructor Integrity Redistributor Subatomic Replicator Spacefold Activator Sigix Terminator Achievements -------------- None Challenges ------------ None Game ------ Seed SensorParticleSteel Manual? 0 Play Time 02:14:04 Cumulative 666.9 hours Start 2022.06.02 @ 17:15:39 End 2022.06.03 @ 17:57:12 Sessions 3 Manual Loads 0 Difficulty Rogue Special Mode None Game No. 438 Rogue 431 Adventurer 0 Explorer 7 Win Type 2 Total 48 Types 17/5/18/2/0/1/3/1/1 Lore% 87 Gallery% 96 Achievement% 82 Wizard Run 0 Options --------- ASCII 0 Keyboard 0 Movement Numpad Keybinds 0 Fullscreen 1 Font 18/X11Bold Map View 76x50 Tactical HUD 1 Map Filters NONE Filters NONE Steam 1 RUN: c2691657-2eb7-4a50-a55d-8f0d37f2fa4c